 Dungeon Crawl Stone Soup version 0.27.1-1-g398f81649c (webtiles) character file.

Game seed: 5627422800109311406

105289 pkoi the Brawler (level 15, -5/149 HPs)
             Began as a Troll Monk on Sept 14, 2021.
             Was the Champion of Okawaru.
             Slain by a merfolk siren (9 damage)
             ... on level 1 of the Shoals.
             The game lasted 00:35:07 (20620 turns).

pkoi the Brawler (Troll Monk)                      Turns: 20620, Time: 00:35:09

Health: -5/149     AC:  9    Str: 27    XL:     15   Next: 94%
Magic:  0/20       EV: 14    Int:  7    God:    Okawaru [******]
Gold:   4209       SH:  0    Dex: 10    Spells: 13/14 levels left

rFire    . . .     SeeInvis +     - Unarmed
rCold    + . .     Faith    .   (no shield)
rNeg     + + .     Spirit   +   g - +2 robe {Will+}
rPois    +         Reflect  .   q - +1 hat
rElec    +         Harm     .   u - +0 cloak
rCorr    +         Rampage  .   (gloves unavailable)
Will     ++...                  (boots unavailable)
Stlth    +++.......             h - amulet of guardian spirit
HPRegen  1.34/turn              E - ring "Dewaecoh" {rElec rN+ rCorr Dex-2 SInv}
MPRegen  0.17/turn              P - ring of Buhol {rElec rPois rC+ rN+}

@: heroic, mesmerised
A: large, unfitting armour, claws 3, regeneration 1, shaggy fur 1, tough skin 1
a: Renounce Religion, Heroism, Finesse


You were on level 1 of the Shoals.
You worshipped Okawaru.
Okawaru was exalted by your worship.
You visited 4 branches of the dungeon, and saw 21 of its levels.
You also visited: Bailey and Gauntlet.

You collected 4209 gold pieces.

Inventory:

Missiles
 o - 60 boomerangs (quivered)
 w - 34 large rocks
 L - 5 curare-tipped darts
 R - 13 javelins
Armour
 g - a +2 robe of willpower (worn)
 p - a +0 tower shield of poison resistance
 q - a +1 hat (worn)
 u - a +0 cloak (worn)
Jewellery
 d - a ring of willpower
 f - a ring of see invisible
 h - an amulet of guardian spirit (around neck)
 m - the ring "Kuafouse" {rF+ Str+6}
   (You acquired it on level 4 of the Dungeon)

   [ring of strength]

   Str:       It affects your strength (+6).
   rF:        It protects you from fire.
 C - a ring of positive energy
 D - a +4 ring of protection
 E - the ring "Dewaecoh" (left claw) {rElec rN+ rCorr Dex-2 SInv}
   (You found it in a Gauntlet)

   [ring of positive energy]

   Dex:       It affects your dexterity (-2).
   rElec:     It insulates you from electricity.
   rN:        It protects you from negative energy.
   SInv:      It lets you see invisible.
   rCorr:     It protects you from acid and corrosion.
 M - an amulet of reflection
 P - the ring of Buhol (right claw) {rElec rPois rC+ rN+}
   (You found it in a Gauntlet)

   [ring of poison resistance]

   rC:        It protects you from cold.
   rElec:     It insulates you from electricity.
   rPois:     It protects you from poison.
   rN:        It protects you from negative energy.
 S - a ring of magical power
Wands
 b - a wand of mindburst (11)
 j - a wand of digging (10)
 k - a wand of acid (35)
 n - a wand of iceblast (43)
 A - a wand of paralysis (6)
 F - a wand of charming (12)
 J - a wand of polymorph (9)
Scrolls
 a - a scroll of teleportation
 e - 2 scrolls of magic mapping
 i - a scroll of enchant weapon
 s - 9 scrolls of identify
 v - 5 scrolls of enchant armour
 y - a scroll of fog
 G - a scroll of silence
 H - 2 scrolls of fear
 N - 2 scrolls of summoning
Potions
 c - 12 potions of curing
 l - 6 potions of heal wounds
 t - a potion of cancellation
 x - a potion of flight
 B - 2 potions of might
 I - a potion of magic
 K - 2 potions of brilliance
 O - a potion of haste
Miscellaneous
 z - a phantom mirror


   Skills:
 + Level 10.2(15.2) Fighting
 + Level 7.4(12.4) Throwing
 + Level 3.0(8.0) Armour
 - Level 9.3(14.3) Dodging
 - Level 1.0(6.0) Stealth
 + Level 3.7(8.7) Shields
 + Level 15.7(20.7) Unarmed Combat
 - Level 9.0 Invocations
 + Level 6.4 Evocations


You had 13 spell levels left.
You knew the following spells:

 Your Spells              Type           Power      Damage    Failure   Level
a - Apportation           Tloc           0%         N/A       43%         1

Your spell library contained the following spells:

 Spells                   Type           Power      Damage    Failure   Level
 Animate Skeleton         Necr           0%         N/A       43%         1
 Corona                   Hex            0%         N/A       43%         1
 Freeze                   Ice            0%         1d3       43%         1
 Magic Dart               Conj           0%         1d3       43%         1
 Sandblast                Erth           0%         2d4       43%         1
 Summon Small Mammal      Summ           0%         N/A       43%         1
 Call Imp                 Summ           0%         N/A       56%         2
 Ensorcelled Hibernation  Hex/Ice        0%         N/A       56%         2
 Passwall                 Tmut/Erth      0%         N/A       56%         2
 Slow                     Hex            0%         N/A       56%         2
 Confusing Touch          Hex            0%         N/A       80%         3
 Conjure Flame            Conj/Fire      0%         6-21      80%         3
 Frozen Ramparts          Ice            0%         1d2       80%         3
 Gell's Gravitas          Tloc           0%         N/A       80%         3
 Ignite Poison            Fire/Tmut/Pois 0%         N/A       80%         3
 Lesser Beckoning         Tloc           0%         N/A       80%         3
 Mephitic Cloud           Conj/Pois/Air  0%         N/A       80%         3
 Summon Guardian Golem    Hex/Summ       0%         N/A       80%         3
 Teleport Other           Tloc           0%         N/A       80%         3
 Tukima's Dance           Hex            0%         N/A       80%         3
 Vampiric Draining        Necr           0%         2d6       80%         3
 Airstrike                Air            0%         N/A       99%         4
 Animate Armour           Summ/Erth      0%         N/A       99%         4
 Animate Dead             Necr           0%         N/A       99%         4
 Sticky Flame             Conj/Fire      0%         2d3       99%         4
 Summon Lightning Spire   Summ/Air       0%         N/A       99%         4
 Alistair's Intoxication  Tmut/Pois      0%         N/A       100%        5
 Blade Hands              Tmut           0%         N/A       100%        5
 Fireball                 Conj/Fire      0%         3d3       100%        5
 Iskenderun's Battlesphe  Conj           0%         2d6       100%        5
 Lee's Rapid Deconstruct  Erth           0%         3d5*      100%        5
 Lightning Bolt           Conj/Air       0%         1d11      100%        5
 Conjure Ball Lightning   Conj/Air       0%         3x3d6     100%        6
 Invisibility             Hex            0%         N/A       100%        6
 Iron Shot                Conj/Erth      0%         9d1       100%        6
 Statue Form              Tmut/Erth      0%         N/A       100%        6
 Haunt                    Necr/Summ      0%         N/A       100%        7
 Orb of Destruction       Conj           0%         N/A       100%        7
 Spellforged Servitor     Conj/Summ      0%         N/A       100%        7
 Infestation              Necr           0%         N/A       100%        8


Dungeon Overview and Level Annotations

Branches:
Dungeon (13/15)            Temple (1/1) D:5            Lair (6/6) D:9
 Shoals (1/4) Lair:3       Spider (0/4) Lair:2        Slime (0/5) Lair:5
    Orc (0/2) D:12         Bailey (visited)         Gauntlet (visited)
 Vaults: D:13-14

Altars:
Ashenzari
Cheibriados
Dithmenos
Elyvilon
Fedhas
Gozag
Hepliaklqana
Kikubaaqudgha
Makhleb
Nemelex Xobeh
Okawaru
Qazlal
Ru
Sif Muna
Trog
Uskayaw
Vehumet
Wu Jian
Xom
Yredelemnul
Zin
The Shining One
Beogh

Annotations:
D:10 3 runed translucent doors, packetloss's ghost, novice GnWr
Lair:2 exclusion: oklob plant


Innate Abilities, Weirdness & Mutations

You are too large for most types of armour.
You have claws for hands.
Your natural rate of healing is unusually fast.
You are covered in fur. (AC +1)
You have tough skin. (AC +1)


Message History

The harpy claws you! The harpy claws you but does no damage.
The sea snake bites you but does no damage.
You claw the sea snake!
The sea snake is moderately wounded.
The harpy closely misses you. The harpy claws you!
The sea snake closely misses you.
The merfolk siren chants its luring song.
The harpy claws you!
* * * LOW HITPOINT WARNING * * *
The harpy misses you.
You claw the sea snake!
The sea snake is heavily wounded.
The harpy claws you.
* * * LOW HITPOINT WARNING * * *
The harpy claws you.
* * * LOW HITPOINT WARNING * * *
The harpy claws you.
* * * LOW HITPOINT WARNING * * *
The harpy closely misses you.
A wind drake comes into view.
The harpy barely misses you. The harpy claws you.
* * * LOW HITPOINT WARNING * * *
The sea snake bites you!
* * * LOW HITPOINT WARNING * * *
The merfolk siren hits you from afar with a +0 trident!
* * * LOW HITPOINT WARNING * * *
Unknown command.
You gain the combat prowess of a mighty hero.
The harpy barely misses you. The harpy claws you but does no damage.
The harpy claws you!
* * * LOW HITPOINT WARNING * * *
The harpy misses you. The harpy claws you!
* * * LOW HITPOINT WARNING * * *
The harpy misses you. The harpy claws you!
* * * LOW HITPOINT WARNING * * *
The harpy claws you.
* * * LOW HITPOINT WARNING * * *
The sea snake bites you but does no damage.
The merfolk siren hits you from afar with a +0 trident!
You die...

#P≈≈≈≈≈≈≈≈≈≈≈≈
#.≈≈≈≈≈≈≈≈≈≈≈
#.≈≈≈≈≈≈≈≈≈≈≈ ≈ .P.
##.≈≈≈≈≈≈≈≈≈≈≈≈ .≈.#####
##.≈≈≈≈≈≈≈≈≈≈≈≈
P≈≈....###.........≈≈≈≈
.≈≈≈≈........#.##..≈≈
(.≈≈≈≈....####..##m##
..≈≈≈≈)...# #.†@S..#
.....≈....# #^.HH....≈≈
.....≈....## #.......≈k≈
.....≈.....# #.......≈≈≈
.....≈≈.....(....###...≈
....≈≈≈≈.....##..# ..≈≈
###≈≈≈≈≈.....###.. ≈≈≈
.##≈≈≈≈.(....# ##. ≈≈
...^≈≈.###...#


You could see a sea snake, a wind drake (wandering, repels missiles), a merfolk
siren (mesmerising) and 2 harpies.

Vanquished Creatures
  An orc warlord (Bailey)
  A minotaur (Gauntlet)
  4 boulder beetles
  4 catoblepae
  7 hydras
  A death knight (D:13)
  Erica (D:8)
  2 centaur warriors
  4 two-headed ogres
  A tengu warrior (Gauntlet)
  6 death yaks (Lair:6)
  A sixfirhy (Gauntlet)
  An orc knight (Bailey)
  2 deep elf pyromancers
  2 harpies (Shoals:1)
  3 manticores
  An ugly thing (D:13)
  4 oklob plants
  3 cyclopes
  4 elephants
  The ghost of ZARRMARR the Magician, a novice OpEE of Sif Muna (D:6)
  Maurice (D:8)
  3 black mambas
  12 cane toads
  An unseen horror (D:12)
  2 gargoyles
  Maggie (D:8)
  A minotaur zombie (Gauntlet)
  A hellion (Gauntlet)
  A kobold demonologist (D:10)
  An efreet (D:13)
  A tengu conjurer (Gauntlet)
  8 rime drakes
  11 komodo dragons
  A troll (D:13)
  2 polar bears
  Prince Ribbit (D:8)
  A hornet (D:8)
  5 slime creatures
  9 blink frogs
  Sigmund (D:5)
  6 wraiths
  A vampire (D:6)
  98 yaks
  8 basilisks
  A shadow (D:12)
  Eustachio (D:6)
  7 wyverns
  3 steam dragons
  6 vampire mosquitoes
  2 acid dragons
  2 hell hounds (Gauntlet)
  13 water moccasins
  A floating eye (shapeshifter) (D:8)
  An ice beast (D:8)
  10 orc warriors
  3 sky beasts
  3 necrophages
  A black bear (Lair:2)
  6 wolves
  A centaur (shapeshifter) (D:12)
  13 centaurs
  A phantom (D:6)
  4 kobold brigands
  2 gnoll sergeants
  8 bullfrogs
  5 scorpions
  11 killer bees
  9 howler monkeys
  3 electric eels (D:7)
  3 wights (D:7)
  A bullfrog zombie (D:6)
  2 bullfrog skeletons
  6 centaur zombies
  2 hounds (D:6)
  11 orc priests
  A centaur skeleton (D:7)
  5 iguanas
  9 orc wizards
  Ijyb (D:5)
  A centaur simulacrum (D:6)
  A hound skeleton (D:2)
  A mummy (D:6)
  A howler monkey zombie (D:11)
  8 gnolls
  2 howler monkey skeletons
  3 adders
  A shadow imp (D:6)
  A white imp (D:7)
  2 ufetubi (Gauntlet)
  An adder skeleton (D:3)
  A worm (D:4)
  3 dart slugs
  40 orcs
  7 endoplasms
  4 giant cockroaches
  13 goblins
  6 hobgoblins
  40 kobolds
  3 quokkas
  8 ball pythons
  15 bats
  2 frilled lizards (D:1)
  2 rats (D:2)
555 creatures vanquished.

Vanquished Creatures (others)
  A bush (D:9)
  15 fungi
  90 plants
106 creatures vanquished.

Grand Total: 661 creatures vanquished

Notes
Turn   | Place    | Note
-------+----------+-------------------------------------------
     0 | D:1      | pkoi the Troll Monk began the quest for the Orb.
     0 | D:1      | Reached XP level 1. HP: 22/22 MP: 0/0
   135 | D:1      | Reached XP level 2. HP: 29/29 MP: 1/1
   589 | D:1      | Reached skill level 4 in Unarmed Combat
   599 | D:2      | Found an iron altar of Okawaru.
   626 | D:2      | Became a worshipper of Warmaster Okawaru
   626 | D:2      | Reached * piety under Okawaru
   626 | D:2      | Reached ** piety under Okawaru
   766 | D:2      | Reached XP level 3. HP: 36/36 MP: 2/2
  1056 | D:2      | Reached skill level 1 in Invocations
  1187 | D:3      | Reached XP level 4. HP: 44/44 MP: 3/3
  1242 | D:3      | Reached skill level 5 in Unarmed Combat
  1307 | D:3      | Found a faded altar of an unknown god.
  1335 | D:3      | Got Plato's Reference Book on the Snowflakes
  1450 | D:3      | Reached XP level 5. HP: 50/50 MP: 5/5
  1864 | D:4      | Identified 2 scrolls of acquirement
  1864 | D:4      | Acquired the ring "Kuafouse" {rF+ Str+6}
  1885 | D:3      | Acquired 884 gold pieces
  2132 | D:4      | Reached skill level 6 in Unarmed Combat
  2132 | D:4      | Reached XP level 6. HP: 50/59 MP: 3/6
  2263 | D:4      | Found a shimmering blue altar of Sif Muna.
  2276 | D:4      | Acquired 700 gold pieces
  2527 | D:5      | Entered Level 5 of the Dungeon
  2527 | D:5      | Noticed a sky beast
  2537 | D:4      | Killed a sky beast
  2553 | D:5      | Reached *** piety under Okawaru
  2558 | D:5      | Reached XP level 7. HP: 64/66 MP: 6/8
  2623 | D:5      | Reached skill level 7 in Unarmed Combat
  2688 | D:5      | Noticed Sigmund
  2699 | D:5      | Killed Sigmund
  2729 | D:5      | Found a staircase to the Ecumenical Temple.
  2750 | D:5      | Reached skill level 8 in Unarmed Combat
  2787 | D:5      | Reached XP level 8. HP: 74/74 MP: 8/10
  2861 | D:5      | Noticed Ijyb
  2865 | D:5      | Killed Ijyb
  2933 | Temple   | Entered the Ecumenical Temple
  3539 | D:5      | Reached **** piety under Okawaru
  3543 | D:5      | Reached skill level 9 in Unarmed Combat
  3610 | D:6      | Reached skill level 5 in Invocations
  3650 | D:6      | Found a hazy altar of Hepliaklqana.
  3761 | D:6      | Reached skill level 10 in Unarmed Combat
  3805 | D:6      | Found a transporter.
  3885 | D:6      | Noticed Eustachio
  3892 | D:6      | Killed Eustachio
  3894 | D:6      | Found a transporter.
  3894 | D:6      | Noticed ZARRMARR's ghost (novice OpEE)
  4281 | D:7      | Reached XP level 9. HP: 77/80 MP: 9/11
  4310 | D:7      | Reached skill level 11 in Unarmed Combat
  4745 | D:7      | Reached ***** piety under Okawaru
  4903 | D:7      | Found a stormy altar of Qazlal.
  5049 | D:7      | Reached skill level 12 in Unarmed Combat
  5429 | D:8      | Noticed Maurice
  5450 | D:8      | Killed Maurice
  5515 | D:8      | Found a glowing silver altar of Zin.
  5579 | D:8      | Noticed Prince Ribbit
  5587 | D:8      | Killed Prince Ribbit
  5588 | D:8      | Reached XP level 10. HP: 92/92 MP: 9/12
  5734 | D:8      | Noticed a five-headed hydra
  5738 | D:8      | Noticed a boulder beetle
  5850 | D:8      | Noticed Maggie
  5862 | D:8      | Killed Maggie
  5884 | D:8      | Identified the +4 long sword of Tuko {drain, *Corrode rF++
                  | Int+2 SInv}
  5884 | D:8      | Noticed a centaur warrior
  5887 | D:8      | Killed a centaur warrior
  5892 | D:8      | Noticed a boulder beetle
  5924 | D:8      | Identified the +5 halberd of Shrieking Terror {flame, rC+
                  | Dex+2} (Okawaru gifted it to you on level 8 of the Dungeon)
  5924 | D:8      | Received a gift from Okawaru
  5925 | D:8      | Reached skill level 5 in Dodging
  5928 | D:8      | Killed a boulder beetle
  5928 | D:8      | Reached ****** piety under Okawaru
  5929 | D:8      | Reached skill level 5 in Fighting
  6050 | D:8      | Noticed a deep elf pyromancer
  6061 | D:8      | Reached skill level 13 in Unarmed Combat
  6064 | D:8      | Killed a deep elf pyromancer
  6092 | D:8      | Noticed Erica
  6099 | D:8      | Killed Erica
  6099 | D:8      | Received a gift from Okawaru
  6100 | D:8      | Reached XP level 11. HP: 91/105 MP: 7/13
  6107 | D:8      | Killed a boulder beetle
  6200 | D:8      | Identified the amulet "Wiyheh" {Faith Int+4}
  6203 | D:8      | Identified the +3 chain mail "Baiq" {Will+ rCorr}
  6380 | D:8      | Found an opulent altar of Gozag.
  6960 | D:9      | Found a staircase to the Lair.
  6998 | D:9      | Received a gift from Okawaru
  7075 | D:9      | Learned a level 1 spell: Apportation
  7938 | D:10     | Entered Level 10 of the Dungeon
  8029 | D:10     | Found a runed translucent gate.
  8082 | D:10     | Found a runed translucent gate.
  8082 | D:10     | Found a runed translucent gate.
  8083 | D:10     | Noticed packetloss's ghost (novice GnWr)
  8085 | D:10     | Identified the ring of Brilliance {Fire rElec Dex+3 Slay-4}
  8268 | D:10     | Reached skill level 1 in Evocations
  8377 | D:10     | Found a shadowy altar of Dithmenos.
  8384 | D:10     | Noticed a two-headed ogre
  8407 | D:10     | Killed a two-headed ogre
  8958 | D:11     | Noticed a two-headed ogre
  8969 | D:11     | Killed a two-headed ogre
  8969 | D:11     | Received a gift from Okawaru
  8992 | D:11     | Reached XP level 12. HP: 118/118 MP: 12/16
  9286 | D:11     | Noticed a two-headed ogre
  9289 | D:11     | Killed a two-headed ogre
  9289 | D:11     | Received a gift from Okawaru
  9772 | Lair:1   | Entered Level 1 of the Lair of Beasts
  9893 | Lair:1   | Reached skill level 14 in Unarmed Combat
  9932 | Lair:1   | Reached skill level 1 in Throwing
 10067 | Lair:1   | Noticed a five-headed hydra
 10073 | Lair:1   | Killed an eight-headed hydra
 10783 | Lair:1   | Got Xaofumas's Incunabulum of Icy Moulding
 10846 | Lair:2   | Received a gift from Okawaru
 10846 | Lair:2   | Found the +8 Vampire's Tooth {vamp}
 11245 | Lair:2   | Noticed a boulder beetle
 11267 | Lair:2   | Killed a boulder beetle
 11267 | Lair:2   | Received a gift from Okawaru
 11403 | Lair:2   | Found a hole to the Spider Nest.
 11638 | Lair:2   | Reached XP level 13. HP: 60/127 MP: 6/17
 11774 | Lair:3   | Found a staircase to the Shoals.
 13491 | Lair:5   | Received a gift from Okawaru
 13909 | Lair:5   | Found a staircase to the Slime Pits.
 13914 | Lair:5   | Received a gift from Okawaru
 14637 | Lair:6   | Entered Level 6 of the Lair of Beasts
 14790 | Lair:5   | Reached skill level 5 in Throwing
 15029 | Lair:5   | Reached skill level 5 in Evocations
 15129 | Lair:6   | Received a gift from Okawaru
 15372 | Lair:5   | Reached skill level 15 in Unarmed Combat
 15372 | Lair:5   | Reached XP level 14. HP: 74/140 MP: 7/19
 15481 | Lair:6   | Reached skill level 1 in Shields
 15774 | Lair:6   | Found a bloodstained altar of Trog.
 16511 | Lair:6   | Received a gift from Okawaru
 17373 | D:12     | Found a flagged portal.
 17402 | Bailey   | Entered a bailey
 17407 | Bailey   | Noticed an orc warlord
 17548 | Bailey   | Found a runed translucent gate.
 17548 | Bailey   | Found a runed translucent gate.
 17548 | Bailey   | Found a runed translucent gate.
 17799 | Bailey   | Killed an orc warlord
 17870 | Bailey   | Identified the +1 glaive "Embalmer" {vorpal, rElec rPois
                  | rC+}
 17885 | D:12     | Reached skill level 1 in Armour
 17885 | D:12     | Reached XP level 15. HP: 149/149 MP: 20/20
 18128 | D:12     | Acquired 831 gold pieces
 18225 | D:12     | Reached skill level 10 in Fighting
 18430 | D:12     | Found a shimmering blue altar of Sif Muna.
 18564 | D:12     | Found a staircase to the Orcish Mines.
 18582 | D:12     | Received a gift from Okawaru
 18660 | D:13     | Found a gate leading to a gauntlet.
 18677 | Gauntlet | Entered a Gauntlet
 18677 | Gauntlet | Found a runed translucent door.
 18677 | Gauntlet | Found a transporter.
 18677 | Gauntlet | Found a transporter.
 18677 | Gauntlet | Found a transporter.
 18677 | Gauntlet | Found a runed translucent door.
 18687 | Gauntlet | Found a transporter.
 18690 | Gauntlet | Found a transporter.
 18701 | Gauntlet | Found a transporter.
 18701 | Gauntlet | Found a transporter.
 18707 | Gauntlet | Found a runed translucent gate.
 18709 | Gauntlet | Found a transporter.
 18710 | Gauntlet | Found a runed translucent gate.
 18711 | Gauntlet | Found a runed translucent gate.
 18727 | Gauntlet | Found a transporter.
 18732 | Gauntlet | Found a transporter.
 18735 | Gauntlet | Found a transporter.
 18746 | Gauntlet | Found a transporter.
 18956 | Gauntlet | Identified the ring "Dewaecoh" {rElec rN+ rCorr Dex-2 SInv}
 19050 | Gauntlet | Identified the ring of Buhol {rElec rPois rC+ rN+}
 19406 | D:13     | Received a gift from Okawaru
 20386 | D:6      | Killed ZARRMARR's ghost
 20386 | D:6      | Identified the +4 shortbow "Neavocic" {venom, +Blink rPois}
                  | (Okawaru gifted it to you on level 6 of the Dungeon)
 20386 | D:6      | Received a gift from Okawaru
 20574 | Shoals:1 | Entered Level 1 of the Shoals
 20620 | Shoals:1 | HP: 7/149 [harpy (7)]
 20620 | Shoals:1 | Slain by a merfolk siren

Illustrated notes

Levels and vault maps discovered:
D:1:      dpeg_arrival_simpleton_a, layout_basic
D:2:      layout_rooms, basic_altar, minmay_stone_trees_large,
          chequers_serial_rivers_room_a, nrook_loot_triangle,
          minmay_tetromino_s4
D:3:      layout_loops_ring, shapermc_ecumenical_altar_rom_forum
D:4:      minmay_inner_zag, layout_basic, mainiacjoe_overflow_six_doors_small
D:5:      layout_loops_ring, temple_pool_b, uniq_ijyb, uniq_sigmund
D:6:      layout_basic, mainiacjoe_overflow_concentric_impassable,
          gammafunk_ghost_mausoleum, uniq_eustachio
D:7:      layout_rooms, lemuel_tele_altar, serial_bayou_lake_a
D:8:      minmay_the_grid_octo_triangle [minmay_the_grid_octo_77,
          minmay_the_grid_octo_prize_star, minmay_the_grid_octo_horde],
          layout_loops_ring, nicolae_gozag_cash_rules_everything_around_me,
          mainiacjoe_overflow_tiny_flanked, chequers_mini_garden, uniq_erica,
          uniq_prince_ribbit1, uniq_maurice, uniq_maggie
D:9:      layout_grid_maze, minmay_lair_entry_grove, grunt_decor_cap
D:10:     layout_irregular_city, mainiacjoe_overflow_brackets, serial_rivers,
          chequers_serial_rivers_large_a, chequers_serial_rivers_small_b,
          chequers_serial_rivers_marsh, chequers_serial_rivers_micro_a,
          chequers_serial_rivers_small_a, chequers_serial_rivers_room_a,
          gammafunk_ghost_nasty_kobolds
D:11:     layout_long_grid
D:12:     layout_roguey, minmay_orc_entry_temple_small, enter_bailey_5,
          led_sif_pool
D:13:     layout_basic, gauntlet_entry_generic
Temple:   eino_temple_scatter_basement
Lair:1:   layout_chaotic_city, lemuel_fruit_tree, grunt_megastairs_5,
          minmay_lair_oklob_chamber
Lair:2:   minmay_lair_oklob_tunnel, layout_chaotic_city,
          spider_nest_entry_web_field, roderic_batcave, nzn_sisyphean_effort
Lair:3:   layout_regular_city, shoals_dummy_entry
Lair:4:   layout_hall_layers
Lair:5:   layout_cave_pods, minmay_slime_entry_oklob_open
Lair:6:   evilmike_catoblepas_cave, layout_cave_shapes, lemuel_centaur_altar
Shoals:1: layout_shoals, uniq_aizul

Skill      XL: |  1  2  3  4  5  6  7  8  9 10 11 12 13 14 15 |
---------------+----------------------------------------------+-----
Unarmed Combat | 4 5 6 8 10 12 13 14 15 | 15.7
Invocations    | 1 2 3 4 5 6 7 8 9 |  9.0
Fighting       | 3 5 7 8 9 10 | 10.2
Dodging        | 3 5 7 8 9 |  9.3
Evocations     | 1 3 5 6 |  6.4
Throwing       | 3 5 6 7 |  7.4
Shields        | 3 |  3.7
Armour         | 1 3 |  3.0
Stealth        | |  1.0

Action                   |  1- 3 |  4- 6 |  7- 9 | 10-12 | 13-15 || total
-------------------------+-------+-------+-------+-------+-------++-------
Melee: Unarmed           |    62 |   134 |   205 |   475 |   724 ||  1600
       Punch             |     1 |     2 |    15 |    52 |    62 ||   132
Throw: Dart              |       |       |       |    17 |    26 ||    43
       Large rock        |       |       |       |       |    13 ||    13
       Boomerang         |       |       |       |       |    28 ||    28
 Cast: Apportation       |       |       |       |       |    10 ||    10
Invok: Heroism           |       |       |     3 |    10 |    18 ||    31
       Finesse           |       |       |       |       |     6 ||     6
  Use: Scroll            |       |     4 |     9 |     7 |    12 ||    32
       Potion            |       |       |     2 |       |     1 ||     3
 Stab: Sleeping          |     6 |     4 |     2 |     2 |       ||    14
       Petrified         |       |       |       |       |     2 ||     2
       Distracted        |       |       |       |       |     1 ||     1
Armor: Robe              |    21 |    35 |    45 |   119 |   280 ||   500
Dodge: Dodged            |    26 |    58 |    88 |   245 |   491 ||   908
Block: Tower shield      |       |       |       |       |    22 ||    22
